 Dungeon Crawl Stone Soup version 0.24-a0-56-g8f19387 (webtiles) character file.

Game seed: 5515573571242263922

164 DrEnzyme the Bolt Thrower (level 5, -1/46 HPs)
             Began as a Draconian Wanderer on Feb 4, 2019.
             Was an Initiate of Okawaru.
             Slain by Purgy (8 damage)
             ... in a sewer.
             The game lasted 00:08:07 (2003 turns).

DrEnzyme the Bolt Thrower (Draconian Wanderer)      Turns: 2003, Time: 00:08:08

Health: -1/46      AC:  6    Str: 15    XL:     5   Next: 21%
Magic:  5/5        EV: 11    Int: 11    God:    Okawaru [......]
Gold:   146        SH:  0    Dex: 12    Spells: 4/4 levels left

rFire    . . .     SeeInvis .   a - +2 falchion
rCold    . . .     Gourm    .   (no shield)
rNeg     . . .     Faith    .   (armour unavailable)
rPois    .         Spirit   .   (helmet restricted)
rElec    .         Reflect  .   (no cloak)
rCorr    .         Harm     .   (no gloves)
MR       .....                  i - +0 pair of boots
Stlth    +.........             (no amulet)
HPRegen  0.15/turn              (no ring)
MPRegen  0.09/turn              (no ring)

@: very slow
A: unfitting armour, cold-blooded, AC +5
a: Renounce Religion


You were in a sewer.
You worshipped Okawaru.
Okawaru was noncommittal.
You were hungry.

You visited 1 branch of the dungeon, and saw 3 of its levels.
You also visited: Sewer.

You collected 146 gold pieces.

Inventory:

Hand Weapons
 a - a +2 falchion (weapon)
 b - a +0 hand crossbow
 e - a +0 dagger
Missiles
 c - 12 bolts
Armour
 i - a +0 pair of boots (worn)
Scrolls
 g - a scroll of identify {unknown}
 j - a scroll of remove curse
 k - a scroll of fear {unknown}
 n - a scroll of enchant armour {unknown}
Comestibles
 f - 3 rations
 l - a chunk of flesh


   Skills:
 + Level 4.1 Fighting
 + Level 2.8 Long Blades
 + Level 4.1 Crossbows
 + Level 1.0 Dodging
 + Level 2.2 Stealth


You had 4 spell levels left.
You didn't know any spells.
Your spell library was empty.

Dungeon Overview and Level Annotations

Branches:
Dungeon (3/15)

Altars:
Nemelex Xobeh
Okawaru
Sif Muna

Annotations:
Sewer Purgy


Innate Abilities, Weirdness & Mutations

Your plain brown scales are hard. (AC +5)
You cannot fit into any form of body armour.
You are cold-blooded and may be slowed by cold attacks.


Message History

Your unstable footing causes you to fumble your attack.
Purgy barely misses you.
You riposte.
You slash Purgy!
Purgy is severely wounded.
Purgy closely misses you. Purgy claws you.
Your unstable footing causes you to fumble your attack.
Purgy bites you.
* * * LOW HITPOINT WARNING * * *
Purgy claws you.
* * * LOW HITPOINT WARNING * * *
Purgy barely misses you.
Your unstable footing causes you to fumble your attack.
Purgy bites you.
* * * LOW HITPOINT WARNING * * *
Purgy closely misses you. x2; Purgy bites you.
* * * LOW HITPOINT WARNING * * *
Purgy misses you. Purgy claws you but does no damage.
You hit Purgy.
Purgy is severely wounded.
Purgy bites you!
You die...

≈≈≈###≈≈#≈≈≈≈≈#
#≈≈≈≈≈≈≈≈≈≈≈≈≈≈≈≈#
≈≈≈≈≈≈≈≈≈≈≈≈≈≈≈≈≈##
≈≈≈≈≈≈≈≈≈≈≈≈≈≈≈≈≈≈##
≈≈≈≈≈≈≈≈≈≈≈≈≈≈≈≈≈≈≈##
≈≈≈≈≈≈≈≈≈≈≈≈≈≈≈≈≈≈≈≈##
≈≈≈≈≈≈≈≈≈≈≈≈≈≈≈≈≈≈≈≈≈≈#
≈≈≈≈≈≈≈≈≈..≈≈≈≈≈≈≈≈≈≈≈#
≈≈..≈≈≈@.#.≈≈≈≈≈≈≈≈≈≈≈##
≈≈####T#.###..≈≈≈≈≈≈≈≈≈#
#≈### ###.≈≈≈≈≈≈≈≈≈ #≈
#≈≈≈≈≈≈≈≈≈≈ #.
#≈≈≈≈≈≈≈≈≈≈ #≈
##.≈≈≈≈≈≈≈≈ #≈
##.≈≈≈≈≈≈≈ #≈ #.≈≈≈≈≈≈≈
#.≈≈≈≈≈≈≈


You could see Purgy.

Vanquished Creatures
  4 river rats (D:3)
  4 adders
  An ooze (D:2)
  2 worms (D:2)
  2 dart slugs
  3 leopard geckos
  3 ball pythons
  6 bats
  A giant cockroach (D:1)
  11 goblins
  7 hobgoblins
  4 jackals (D:2)
  4 kobolds
  2 quokkas (D:2)
  6 frilled lizards
  20 rats
80 creatures vanquished.

Notes
Turn   | Place    | Note
-------+----------+-------------------------------------------
     0 | D:1      | DrEnzyme the Draconian Wanderer began the quest for the
                  | Orb.
     0 | D:1      | DrEnzyme set off with the following items: a +2 falchion, a
                  | +0 hand crossbow, 27 bolts, a potion of curing, a +0
                  | dagger, a ration
     0 | D:1      | Reached XP level 1. HP: 19/19 MP: 1/1
   248 | D:1      | Reached XP level 2. HP: 26/26 MP: 2/2
   490 | D:1      | Reached XP level 3. HP: 33/33 MP: 3/3
  1136 | D:2      | Found a deep blue altar of Sif Muna.
  1294 | D:2      | Reached XP level 4. HP: 40/40 MP: 4/4
  1296 | D:2      | Found an iron altar of Okawaru.
  1551 | D:2      | Became a worshipper of Warmaster Okawaru
  1689 | D:3      | Found a sparkling altar of Nemelex Xobeh.
  1737 | D:3      | Found a glowing drain.
  1751 | D:3      | Reached skill level 1 in Dodging
  1751 | D:3      | Reached XP level 5. HP: 33/46 MP: 5/5
  1909 | Sewer    | Entered a sewer
  1975 | Sewer    | Noticed Purgy
  2003 | Sewer    | Slain by Purgy

Vault maps used:
D:1:      noname_arrival_rooms_in_the_neighbourhood, minmay_rat_gold_closets
D:2:      lemuel_doored_altar, kennysheep_okawaru_gauntlet
D:3:      old_standard_altar, gammafunk_temple_overflow_pools, first_ration,
          portal_sewer_entry_b, corexii_item_surrounded_by_moat,
          glass_columns_b, kennysheep_generic_room_8, uniq_ijyb
Sewer:    sewer_co_purgy_island

Skill      XL: |  1  2  3  4 |
---------------+-------------+-----
Crossbows      | 3 4 |  4.1
Stealth        | 2 |  2.2
Fighting       | 4 |  4.1
Dodging        | 1 |  1.0
Long Blades    | |  2.8

Action                   |  1- 3 |  4- 6 || total
-------------------------+-------+-------++-------
Melee: Falchion          |    51 |    78 ||   129
       Tailslap          |    10 |    10 ||    20
 Fire: Hand crossbow     |    73 |    10 ||    83
  Use: Scroll            |       |     3 ||     3
       Potion            |       |     4 ||     4
 Stab: Sleeping          |     2 |       ||     2
  Eat: Chunk             |     1 |     2 ||     3
Armor: Skin              |    25 |    41 ||    66
Dodge: Dodged            |    32 |    66 ||    98
       Rpst.: Falchion   |     7 |    11 ||    18

Table legend:
 A = Non-vault XP
 B = Vault XP
 C = Vault XP percentage of total XP
 D = Non-vault monster count
 E = Vault monster count
 F = Vault count percentage of total count
                 A         B        C        D         E       F
            +---------+---------+-------+---------+---------+-------
      Total |     149 |      86 |  36.6 |      59 |      21 |  26.2
            +---------+---------+-------+---------+---------+-------
        D:1 |      38 |       7 |  15.6 |      25 |       7 |  21.9
        D:2 |      93 |       4 |   4.1 |      31 |       2 |   6.1
        D:3 |      18 |      71 |  79.8 |       3 |       8 |  72.7
      Sewer |       0 |       4 | 100.0 |       0 |       4 | 100.0
            +---------+---------+-------+---------+---------+-------
